 Dungeon Crawl Stone Soup version 0.32-a0-913-g739538afd8 (webtiles) character file.

Game seed: 323292675218992117

95 spaghetti the Cudgeller (level 4, -4/48 HPs)
             Began as an Oni Berserker on Apr 9, 2024.
             Was a Believer of Trog.
             Killed from afar by an orc wizard (7 damage)
             ... with a puff of flame
             ... on level 3 of the Dungeon.
             The game lasted 00:01:58 (1540 turns).

spaghetti the Cudgeller (Oni Berserker)             Turns: 1540, Time: 00:01:58

Health: -4/48      AC:  3    Str: 19 (21) XL:     4   Next: 66%
Magic:  4/4        EV:  9    Int:  6 (8)  God:    Trog [**....]
Gold:   124        SH:  0    Dex:  8 (10) Spells: 3/3 levels left

rFire   . . .        a - +0 mace (heavy)
rCold   . . .        (no shield)
rNeg    . . .        b - +0 animal skin
rPois   .            (helmet restricted)
rElec   .            (no cloak)
rCorr   .            (gloves unavailable)
SInv    .            (boots unavailable)
Will    +++..        g - amulet of magic regeneration
Stlth   +            (no ring)
HPRegen 1.28/turn    (no ring)
MPRegen 0.49/turn

%: no passive effects
@: strong-willed, on berserk cooldown, enlightened, flying, regenerating,
slowed, very slow
A: large, unfitting armour, horns 1, tough skin 1, double potion healing,
drunken brawling
a: Renounce Religion, Berserk, Trog's Hand


You were on level 3 of the Dungeon.
You worshipped Trog.
Trog was pleased with you.
You visited 1 branch of the dungeon, and saw 3 of its levels.

You collected 124 gold pieces.

Inventory:

Hand Weapons
 a - a +0 heavy mace (weapon)
Armour
 b - a +0 animal skin (worn)
Jewellery
 g - an amulet of magic regeneration (around neck)
Scrolls
 j - a scroll of revelation


   Skills:
 - Level 4.0 Fighting
 + Level 5.2 Maces & Flails
 - Level 2.6 Dodging


You had 3 spell levels left.
You didn't know any spells.
Your spell library contained the following spells:

 Spells                   Type           Power      Damage    Failure   Level
 Iskenderun's Battlesphe  Conj           0%         2d6       100%        5
 Bombard                  Conj/Erth      0%         9d1       100%        6
 Spellforged Servitor     Conj/Summ      0%         N/A       100%        7


Dungeon Overview and Level Annotations

Branches:
Dungeon (3/15)

Altars:


Innate Abilities, Weirdness & Mutations

You are too large for most types of armour.
You have a pair of small horns on your head.
You have tough skin. (AC +1)
You gain doubled healing and magic from potions.
Whenever you drink a healing potion, you attack all around you.


Message History

Your skin crawls.
You feel strong-willed. The bat hits you but does no damage.
Something hits you. The orc barely misses you. Something hits you.
The orc hits you with a +0 short sword.
* * * LOW HITPOINT WARNING * * *
The bombardier beetle bites you.
* * * LOW HITPOINT WARNING * * *
You hit the bat.
You kill the bat!
Trog accepts your kill. Something hits you.
* * * LOW HITPOINT WARNING * * *
The orc hits you with a +0 short sword.
* * * LOW HITPOINT WARNING * * *
Something hits you.
* * * LOW HITPOINT WARNING * * *
The orc hits you with a +0 short sword.
* * * LOW HITPOINT WARNING * * *
The bombardier beetle closely misses you.
Unknown command.
Found a scroll labelled ZEUKAD BOACUO.
The orc attacks as it pursues you! The orc hits you with a +0 short sword.
* * * LOW HITPOINT WARNING * * *
The orc hits you with a +0 short sword.
* * * LOW HITPOINT WARNING * * *
Something hits you but does no damage.
Unknown command.
Unknown command.
The orc hits you with a +0 short sword.
* * * LOW HITPOINT WARNING * * *
The bombardier beetle attacks as it pursues you!
The bombardier beetle bites you but does no damage.
The orc attacks as it pursues you! The orc barely misses you. x2
Something hits you.
* * * LOW HITPOINT WARNING * * *
You hear some strange, mumbled words.
A puff of flame appears from out of thin air!
The puff of flame hits you!
You die...

#............ ...
#...........####....
...............#...#
##....?.....# ..?..#
............##.....#
............#.....
......).....?..#
......)....#@#.#
.......)†Bo....#
.......<..{........
...............####
............####
............#
............#
............#
#####..<....#


You could see a bombardier beetle and an orc.

Vanquished Creatures
  5 adders
  A dart slug (D:1)
  2 ribbon worms
  An orc (D:3)
  6 bats
  4 endoplasms
  A giant cockroach (D:2)
  3 goblins
  3 hobgoblins
  4 jackals (D:2)
  2 kobolds
  3 quokkas (D:2)
  4 ball pythons (D:2)
  A frilled lizard (D:1)
  4 rats
44 creatures vanquished.

Notes
Turn   | Place    | Note
-------+----------+-------------------------------------------
     0 | D:1      | spaghetti the Oni Berserker began the quest for the Orb.
     0 | D:1      | Reached XP level 1. HP: 24/24 MP: 1/1
   158 | D:1      | Reached XP level 2. HP: 28/32 MP: 2/2
   598 | D:2      | Reached skill level 4 in Maces & Flails
   598 | D:2      | Reached XP level 3. HP: 39/39 MP: 3/3
  1006 | D:2      | Found a faded altar of an unknown god.
  1080 | D:2      | Reached XP level 4. HP: 48/48 MP: 4/4
  1408 | D:2      | Reached skill level 5 in Maces & Flails
  1496 | D:2      | Reached ** piety under Trog
  1533 | D:3      | HP: 1/48 [orc/+0 short sword (5)]
  1538 | D:3      | HP: 1/48 [orc/+0 short sword (3)]
  1540 | D:3      | Killed from afar by an orc wizard

Illustrated notes

Levels and vault maps discovered:
D:1:      wander_arrival_lonely_grave, layout_basic, minmay_misc_feat_doors,
          serial_park_tiny_pond, minmay_misc_feat_ornament, glass_columns_b
D:2:      layout_loops_cross, hellmonk_ecumenical_altar_zigzags
D:3:      layout_rooms

Skill      XL: |  1  2  3  4 |
---------------+-------------+-----
Maces & Flails | 4 5 |  5.2
Fighting       | |  4.0
Dodging        | |  2.6

Action                     |  1- 3 |  4- 6 || total
---------------------------+-------+-------++-------
  Melee: Mace              |    71 |    28 ||    99
         Headbutt          |    11 |     3 ||    14
 Invoke: Berserk           |     2 |     1 ||     3
         Trog's Hand       |       |     1 ||     1
    Use: Scroll            |       |     5 ||     5
         Potion            |       |     4 ||     4
   Stab: Sleeping          |       |     1 ||     1
 Armour: Animal skin       |    45 |    75 ||   120
  Dodge: Dodged            |    37 |    39 ||    76

Table legend: (Time is in decaauts)
 A = Elapsed time spent in this place.
 B = Non-inter-level travel time spent in this place.
 C = Inter-level travel time spent in this place.
 D = Time resting spent in this place.
 E = Time spent auto-exploring this place.
 F = Levels seen in this place.
 G = Mean time per level.
                   A        B        C        D        E       F      G
               +--------+--------+--------+--------+--------+-----+--------+
         Total |   1584 |   1504 |     80 |    117 |   1117 |   3 |  528.0 |
       Dungeon |   1584 |   1504 |     80 |    117 |   1117 |   3 |  528.0 |
               +--------+--------+--------+--------+--------+-----+--------+

Top non-repeatable levels by time:
     D:2: 955 daAuts
     D:1: 592 daAuts
     D:3: 36 daAuts
